 Dungeon Crawl Stone Soup version 0.18.1-50-g88ac8fd (webtiles) character file.

384 Drunkenshrew the Skirmisher (level 6, 0/52 HPs)
             Began as a Draconian Fire Elementalist on Oct 4, 2016.
             Was a Follower of Vehumet.
             Killed from afar by vaporguy's ghost (13 damage)
             ... with a spray of energy
             ... on level 3 of the Dungeon.
             The game lasted 00:16:25 (3088 turns).

Drunkenshrew the Skirmisher (DrFE)                  Turns: 3088, Time: 00:16:26

Health: 0/52       AC:  9    Str: 10    XL:     6   Next: 47%
Magic:  9/9        EV: 12    Int: 17    God:    Vehumet [*.....]
Gold:   170        SH:  6    Dex: 12    Spells: 1 memorised, 8 levels left

rFire  . . .     SeeInvis .     k - +4 dagger
rCold  . . .     Gourm    .     (armour unavailable)
rNeg   + + .     Faith    .     d - +2 buckler {rN+}
rPois  .         Spirit   .     (helmet restricted)
rElec  .         Dismiss  .     v - +1 cloak
rCorr  .         Reflect  .     g - +0 pair of gloves
SustAt .         Harm     .     (no boots)
MR     .....                    (no amulet)
Stlth  ++........               (no ring)
                                x - ring of positive energy

@: not resistant to hostile enchantments, unstealthy
A: unfitting armour, cold-blooded, AC +6
a: Renounce Religion


You were on level 3 of the Dungeon.
You worshipped Vehumet.
Vehumet was aware of your devotion.
You were hungry.

You visited 1 branch of the dungeon, and saw 3 of its levels.
You also visited: Sewer.

You collected 170 gold pieces.

Inventory:

Hand Weapons
 f - a +0 short sword
 k - a +4 dagger (weapon)
 r - a +0 dagger of freezing
Armour
 d - a +2 buckler of positive energy (worn)
 g - a +0 pair of gloves (worn)
 v - a +1 cloak (worn)
Jewellery
 x - a ring of positive energy (left hand)
Wands
 o - a wand of confusion (13/48)
Scrolls
 j - 3 scrolls of remove curse
Potions
 c - 2 potions of might {unknown}
 e - 3 potions of lignification
 h - 2 potions of flight {unknown}
 i - a potion of mutation {unknown}
 l - 4 potions of heal wounds {unknown}
 n - a potion of magic {unknown}
 p - 2 potions of brilliance {unknown}
 q - 3 potions of curing {unknown}
 s - 3 potions of agility {unknown}
Books
 a - a book of Flames

   Spells                             Type                      Level
   a - Flame Tongue                   Conjuration/Fire             1
   b - Throw Flame                    Conjuration/Fire             2
   c - Conjure Flame                  Conjuration/Fire             3
   d - Inner Flame                    Hexes/Fire                   3
   e - Sticky Flame                   Conjuration/Fire             4
   f - Fireball                       Conjuration/Fire             5
Comestibles
 b - 4 bread rations
 m - a meat ration
 w - a beef jerky


   Skills:
 + Level 4.0 Fighting
 + Level 0.6 Short Blades
 - Level 2.2 Dodging
 - Level 2.0 Stealth
 * Level 3.8 Shields
 - Level 2.0 Spellcasting
 - Level 3.0 Conjurations
 - Level 3.0 Fire Magic


You had 8 spell levels left.
You knew the following spells:

 Your Spells              Type           Power        Failure   Level  Hunger
a - Flame Tongue          Conj/Fire      ##...        6%          1    #......


Dungeon Overview and Level Annotations

Branches:
Dungeon (3/15)

Altars:
Vehumet

Annotations:
D:3 vaporguy's ghost, amateur DgCj


Innate Abilities, Weirdness & Mutations

Your plain brown scales are hard (AC +6).
Your body does not fit into most forms of armour.
You are cold-blooded and may be slowed by cold attacks.


Message History

You barely miss vaporguy's ghost.
Vaporguy's ghost is severely damaged.
Vaporguy's ghost casts a spell at you. The spray of energy hits you!
* * * LOW HITPOINT WARNING * * *
You are confused.
You bump into the rock wall.
Vaporguy's ghost hits you but does no damage.
You hit vaporguy's ghost.
Vaporguy's ghost is severely damaged.
Vaporguy's ghost hits you but does no damage.
You bump into the rock wall.
Vaporguy's ghost barely misses you.
You feel less confused. You block vaporguy's ghost's attack.
You barely miss vaporguy's ghost.
Vaporguy's ghost is severely damaged.
Vaporguy's ghost shrieks, "You must not succeed where I failed!"
Vaporguy's ghost casts a spell at you. The spray of energy hits you!
You die...

#......#...',,,,,,,,,,,,,,,*
##.....#,..#*###**********,*
#.....#,..#..!,,* *,*
##....#*#.#.###.# *,* #....#
#.......#***** *,* #....#
#.#,,,,,,.,,,* *,* #....#
#l#**,,...,,,* *,*
########....###W###.....,,,* *,*
......####......@.'.....,,,* *,*
......#.........###.....,,,****,*
......#.##..###.#,+,,...,,,+,,,,,
......#,#.....#.#,*,,,,.,,,****,*
#######.#..#..#.#,*,,,,,,,,* *,*
# #.#..#<.#.#,*,,,,,,,,* *,*
#######.#..#..#.#,*,,,,,,,,* *,*
........#..#..#.#,********** *,*
...........##.#.#,* *,*


You could see vaporguy's ghost and a giant newt.

Vanquished Creatures
  3 big kobolds (Sewer)
  4 gnolls (D:3)
  2 adders
  4 oozes (Sewer)
  A worm (D:2)
  3 dart slugs
  6 giant geckos
  3 orcs (D:3)
  10 bats
  2 giant cockroaches (D:3)
  6 hobgoblins
  2 jackals (D:2)
  2 quokkas
  3 ball pythons
  A giant newt (Sewer)
  8 goblins
  15 kobolds
  9 rats
84 creatures vanquished.

Notes
Turn   | Place    | Note
--------------------------------------------------------------
     0 | D:1      | Drunkenshrew the Draconian Fire Elementalist began the quest for the Orb.
     0 | D:1      | Reached XP level 1. HP: 14/14 MP: 3/3
   398 | D:1      | Reached XP level 2. HP: 15/20 MP: 1/5
   820 | D:2      | Reached XP level 3. HP: 26/26 MP: 6/6
   999 | D:2      | Found a radiant altar of Vehumet.
  1004 | D:2      | Became a worshipper of Vehumet
  1796 | D:3      | Reached XP level 4. HP: 29/34 MP: 7/7
  1810 | D:3      | Found a glowing drain.
  1821 | D:3      | Reached skill level 1 in Fighting
  1844 | Sewer    | Entered a sewer
  1869 | Sewer    | Noticed a big kobold
  1892 | Sewer    | Killed a big kobold
  1892 | Sewer    | Reached skill level 2 in Fighting
  1892 | Sewer    | Reached XP level 5. HP: 10/42 MP: 0/8
  2137 | Sewer    | Reached * piety under Vehumet
  2137 | Sewer    | Offered knowledge of Magic Dart by Vehumet.
  2273 | Sewer    | Reached skill level 3 in Fighting
  2457 | Sewer    | Reached XP level 6. HP: 49/52 MP: 7/9
  2903 | D:3      | Reached skill level 4 in Fighting
  3039 | D:3      | Noticed vaporguy's ghost (amateur DgCj)
  3088 | D:3      | Killed from afar by vaporguy's ghost

Skill      XL: |  1  2  3  4  5  6 |
---------------+-------------------+-----
Dodging        | 2 |  2.2
Stealth        | 2 |  2.0
Conjurations   | 2 3 |  3.0
Fighting       | 2 3 4 |  4.0
Shields        | 2 3 |  3.8
Short Blades   | |  0.6
Spellcasting   | |  2.0
Fire Magic     | |  3.0

Action                   |  1- 3 |  4- 6 || total
-------------------------+-------+-------++-------
Melee: Unarmed           |    10 |       ||    10
       Short sword       |   136 |    67 ||   203
       Tailslap          |    11 |    18 ||    29
       Dagger            |       |   139 ||   139
 Cast: Flame Tongue      |    24 |    16 ||    40
  Use: Scroll            |     3 |     4 ||     7
 Stab: Sleeping          |     5 |       ||     5
       Distracted        |     1 |       ||     1
  Eat: Chunk             |     3 |     3 ||     6
       Pizza             |       |     1 ||     1
Armor: Skin              |    61 |    69 ||   130
Dodge: Dodged            |    99 |    93 ||   192
Block: Buckler           |    40 |    66 ||   106
